 Dungeon Crawl Stone Soup version 0.23.1-41-g7e51ed32d8 (webtiles) character file.

Game seed: 14423921924430684810

527 PentaManta the Slasher (level 7, -1/49 HPs)
             Began as an Octopode Fighter on Mar 30, 2019.
             Slain by an ice beast (13 damage)
             ... on level 5 of the Dungeon.
             The game lasted 00:06:14 (3969 turns).

PentaManta the Slasher (Octopode Fighter)           Turns: 3969, Time: 00:06:15

Health: -1/49      AC:  1    Str: 15    XL:     7   Next: 23%
Magic:  7/7        EV: 13    Int: 11    God:
Gold:   261        SH:  8    Dex: 13    Spells: 6/6 levels left

rFire    + . .     SeeInvis .   a - +1 long sword
rCold    . . .     Gourm    .   b - +0 shield
rNeg     . . .     Faith    .   j - +0 hat
rPois    +         Spirit   .   (no amulet)
rElec    .         Reflect  .   o - ring of poison resistance
rCorr    .         Harm     .   (no ring)
MR       .....                  r - ring of protection from fire
Stlth    ++........             (no ring)
HPRegen  0.16/turn              (no ring)
MPRegen  0.10/turn              (no ring)
                                (no ring)
                                (no ring)

@: no status effects
A: almost no armour, stealthy swim, amphibious, 8 rings, constrict 8, camouflage
1, gelatinous body 1
a: no special abilities


You were on level 5 of the Dungeon.
You were not hungry.

You visited 1 branch of the dungeon, and saw 5 of its levels.

You collected 261 gold pieces.

Inventory:

Hand Weapons
 a - a +1 long sword (weapon)
Armour
 b - a +0 shield (worn)
 j - a +0 hat (worn)
Jewellery
 o - a ring of poison resistance (left tentacle)
 r - a ring of protection from fire (on tentacle)
Wands
 t - a wand of flame (22)
Scrolls
 e - a scroll of blinking
 f - 4 scrolls of teleportation
 g - 4 scrolls of identify
 h - a scroll of enchant weapon
 l - a scroll of fog
Potions
 i - 2 potions of magic
 k - 2 potions of agility
 m - 2 potions of curing
 n - a potion of cancellation
 p - a potion of mutation
 q - 2 potions of flight
 s - a potion of haste
 u - a potion of heal wounds
Comestibles
 c - 4 chunks of flesh
 d - 7 rations


   Skills:
 + Level 4.7 Fighting
 * Level 5.6 Long Blades
 + Level 4.7 Dodging
 - Level 3.0 Shields


You had 6 spell levels left.
You didn't know any spells.
Your spell library contained the following spells:

 Spells                   Type           Power        Failure   Level  Hunger
 Summon Small Mammal      Summ           #...         86%         1    ##.....
 Call Imp                 Summ           #.......     94%         2    ###....
 Call Canine Familiar     Summ           #.......     99%         3    ####...
 Summon Guardian Golem    Hex/Summ       #.......     99%         3    ####...
 Summon Ice Beast         Ice/Summ       #.......     100%        4    #####..
 Summon Lightning Spire   Summ/Air       #.......     100%        4    #####..


Dungeon Overview and Level Annotations

Branches:
Dungeon (5/15)
 Temple: D:4-7

Altars:
Makhleb
Uskayaw

Annotations:
D:3 Purgy


Innate Abilities, Weirdness & Mutations

You cannot wear most types of armour.
You are very stealthy in the water. (Stealth+)
You are amphibious.
You can wear up to eight rings at the same time.
You can use your tentacles to constrict eight enemies at once.
Your skin changes colour to match your surroundings (Stealth+).
Your rubbery body absorbs attacks. (AC +1, EV +1)


Message History

A crimson imp comes into view.
Found a stone staircase leading up.
There is an open door here.
The crimson imp shouts!
You barely miss the ice beast. Your squeeze misses the ice beast.
The crimson imp hits you. You block the ice beast's attack.
The crimson imp hits you but does no damage.
The ice beast hits you. The ice beast freezes you!
You hit the ice beast.
The ice beast is lightly wounded.
You block the crimson imp's attack. The ice beast barely misses you.
You barely miss the ice beast.
The ice beast is lightly wounded.
The crimson imp hits you. The ice beast hits you. The ice beast freezes you!
You barely miss the ice beast.
The ice beast is lightly wounded.
The crimson imp hits you. The ice beast hits you.
* * * LOW HITPOINT WARNING * * *
The ice beast freezes you!
You die...

###### #####
#....###### .......
#....#....# #.......
#...('....# #.......
#..Y@##..#####.......
##..5.#..#...........
#....+..'...........
#....#..#...........
#....#..#...........
#....####...........
..#####.###'###....#
...#...........+....#
#.(.........#....+


You could see an ice beast and a crimson imp.

Vanquished Creatures
  An orc warrior (D:4)
  An ogre (D:2)
  Blork the orc (D:5)
  A howler monkey (D:5)
  A crimson imp (D:5)
  An orc priest (D:4)
  An orc wizard (D:2)
  Terence (D:3)
  A worker ant zombie (D:5)
  5 adders
  2 oozes (D:3)
  An adder skeleton (D:4)
  2 dart slugs
  2 leopard geckos
  8 orcs
  A giant cockroach (D:1)
  5 goblins
  6 hobgoblins
  3 ball pythons
  7 bats
  2 frilled lizards
  5 kobolds
  4 rats
62 creatures vanquished.

Notes
Turn   | Place    | Note
-------+----------+-------------------------------------------
     0 | D:1      | PentaManta the Octopode Fighter began the quest for the
                  | Orb.
     0 | D:1      | Reached XP level 1. HP: 16/16 MP: 1/1
   196 | D:1      | Reached XP level 2. HP: 21/21 MP: 2/2
   698 | D:2      | Reached XP level 3. HP: 25/26 MP: 3/3
   755 | D:2      | Noticed an ogre
   947 | D:2      | Killed an ogre
   947 | D:2      | Reached skill level 3 in Long Blades
   947 | D:2      | Reached XP level 4. HP: 12/33 MP: 4/4
   981 | D:2      | Reached XP level 5. HP: 18/37 MP: 5/5
  1470 | D:2      | Reached skill level 4 in Long Blades
  2321 | D:3      | Noticed Terence
  2327 | D:3      | Killed Terence
  2364 | D:3      | Noticed Purgy
  3076 | D:4      | Reached XP level 6. HP: 43/43 MP: 6/6
  3207 | D:4      | Noticed an orc warrior
  3216 | D:4      | Killed an orc warrior
  3556 | D:4      | Found a hide-covered altar of Uskayaw.
  3591 | D:4      | Reached skill level 5 in Long Blades
  3743 | D:5      | Entered Level 5 of the Dungeon
  3832 | D:5      | Found a burning altar of Makhleb.
  3878 | D:5      | Reached XP level 7. HP: 42/49 MP: 7/7
  3893 | D:5      | Noticed Blork the orc
  3900 | D:5      | Killed Blork the orc
  3969 | D:5      | Slain by an ice beast

Skill      XL: |  1  2  3  4  5  6 |
---------------+-------------------+-----
Long Blades    | 3 4 5 |  5.6
Fighting       | 4 |  4.7
Dodging        | 4 |  4.7
Shields        | |  3.0

Action                   |  1- 3 |  4- 6 |  7- 9 || total
-------------------------+-------+-------+-------++-------
Melee: Long sword        |    41 |    83 |     8 ||   132
       Constrict         |    11 |    20 |     1 ||    32
       Tentacles         |     6 |    20 |       ||    26
  Use: Potion            |     1 |     5 |       ||     6
       Scroll            |       |    15 |       ||    15
 Stab: Sleeping          |     8 |    10 |       ||    18
       Distracted        |       |       |     1 ||     1
  Eat: Chunk             |       |     6 |       ||     6
       Ration            |       |     1 |       ||     1
Armor: Skin              |     3 |     1 |     1 ||     5
Dodge: Dodged            |    15 |    33 |     3 ||    51
Block: Shield            |    19 |    37 |     3 ||    59
       Rpst.: Long sword |     6 |     9 |     1 ||    16
